Map: Pylon LE

Players

coconut

  • Race: Protoss Protoss
  • League: Grandmaster
  • Spawn Location: 11:00

A.I. 1 (Very Easy) - Winner!

  • Race: Zerg Zerg
  • Spawn Location: 5:00

VOD

Have the link to the VOD?

Description

Time

  • Played on: Aug. 3, 2025, 8:09 p.m.
  • Length: 9:51
Show
View Real Time Build Order
Export as new Build Order

coconut Protoss 

Build Orders: 1 Gate Expand, Zealot Archon, Archon Drop 

Get SALT Encoding   

  12  0:00  Probe  
  13  0:12  Probe  
  14  0:18  Pylon  
  14  0:26  Probe  
  15  0:37  Probe  
  15  0:40  Gateway  
  16  0:45  Probe  
  16  0:46  Assimilator  
  17  0:53  Probe  
  18  1:05  Probe  
  19  1:17  Probe  
  20  1:27  Nexus  
  20  1:37  Cybernetics Core  
  20  1:42  Assimilator  
  20  1:47  Pylon  
  20  1:48  Probe  
  21  2:01  Probe  
  22  2:03  Adept  
  22  2:13  Probe  
  25  2:16  Warp Gate  
  25  2:25  Probe  
  26  2:30  Stalker, Robotics Facility  
  28  2:37  Probe  
  28  2:39  Probe  
  28  2:43  Shield Battery  
  30  2:46  Probe  
  30  2:48  Probe  
  32  2:54  Probe  
  32  2:56  Probe  
  32  3:03  Probe  
  32  3:05  Probe  
  34  3:06  Sentry  
  38  3:13  Observer  
  38  3:15  Probe  
  38  3:17  Probe  
  41  3:20  Pylon  
  41  3:27  Probe  
  41  3:29  Probe  
  43  3:38  Immortal  
  43  3:39  Probe  
  48  3:41  Probe  
  49  3:52  Probe, Twilight Council, Forge  
  49  3:54  Probe  
  51  3:57  Pylon  
  51  4:00  Pylon  
  51  4:04  Probe  
  51  4:06  Probe  
  53  4:10  Protoss Ground Weapons Level 1  
  53  4:11  Assimilator  
  53  4:13  Assimilator  
  53  4:16  Probe  
  54  4:18  Probe  
  54  4:20  Immortal  
  59  4:29  Gateway, Charge  
  59  4:30  Gateway  
  59  4:40  Gateway  
  59  4:41  Gateway  
  59  4:44  Pylon  
  59  4:46  Immortal  
  59  4:52  Gateway  
  59  4:54  Gateway  
  63  5:08  Templar Archives  
  63  5:13  Gateway x2  
  63  5:18  Warp Prism  
  65  5:29  Zealot x2  
  65  5:30  Zealot  
  65  5:35  Pylon  
  71  5:36  Pylon  
  71  5:47  High Templar x2  
  71  5:48  Zealot  
  77  5:53  Archon  
  77  5:55  Zealot x4  
  85  6:05  Pylon  
  85  6:07  Pylon  
  85  6:12  Pylon  
  85  6:17  High Templar  
  85  6:18  High Templar  
  89  6:19  Zealot x2  
  89  6:21  Archon  
  89  6:24  Zealot x2  
  89  6:25  Zealot  
  99  6:32  High Templar  
  101  6:33  High Templar  
  101  6:37  Archon  
  103  6:40  Pylon  
  103  6:42  Pylon, Zealot x2  
  103  6:46  Zealot  
  109  6:47  Zealot  
  111  7:01  High Templar x2  
  111  7:02  Zealot x3  
  111  7:06  Zealot  
  111  7:07  Zealot  
  111  7:08  Archon  
Show
View Real Time Build Order
Export as new Build Order

A.I. 1 (Very Easy) Zerg - Winner!

Build Orders: Hatch First 

Get SALT Encoding   

  12  0:01  Drone  
  13  0:12  Overlord  
  13  0:16  Drone  
  14  0:42  Hatchery  
  13  0:43  Drone  
  14  1:01  Spawning Pool  
  14  1:03  Extractor  
  12  1:05  Drone  
  13  1:12  Drone  
  14  1:18  Overlord  
  14  1:48  Zergling x4  
  14  1:49  Queen  
  18  2:01  Roach Warren  
  17  2:06  Drone  
  18  2:09  Extractor  
  18  2:13  Drone  
  18  2:17  Zergling x2  
  18  2:22  Drone  
  20  2:29  Drone  
  21  2:36  Drone  
  22  2:43  Drone  
  23  2:51  Drone  
  24  2:57  Lair  
  24  2:59  Drone  
  25  3:27  Drone  
  26  3:35  Drone  
  27  3:41  Overlord  
  27  3:42  Drone  
  28  3:49  Drone  
  29  3:56  Drone  
  29  3:59  Spire  
  29  4:02  Overseer  
  29  4:03  Drone  
  29  4:07  Overseer  
  30  4:10  Drone  
  31  4:18  Drone  
  32  4:25  Drone  
  32  4:26  Overlord  
  33  4:32  Drone  
  34  4:39  Drone  
  34  4:44  Extractor  
  34  4:46  Drone  
  35  4:52  Extractor  
  35  4:54  Drone  
  35  5:01  Drone  
  36  5:08  Drone  
  36  5:11  Mutalisk  
  39  5:15  Drone  
  40  5:23  Drone  
  41  5:30  Drone  
  42  5:37  Drone  
  42  5:38  Overlord  
  43  5:45  Drone  
  44  5:50  Mutalisk  
  44  5:52  Drone  
  47  5:59  Drone  
  48  6:06  Drone  
  49  7:15  Zergling x2  
  49  7:20  Queen  
  49  7:22  Drone  
  42  7:29  Drone  
  28  7:37  Drone  
  28  7:43  Overseer  
  29  7:44  Roach  
  29  7:48  Drone  
  30  7:57  Overseer  
  30  7:58  Drone  
  31  8:08  Overseer  
  31  8:11  Drone  
  30  8:17  Overseer  
  30  8:28  Overlord  
  30  8:41  Overlord  
  30  8:42  Overlord x2  
  30  8:53  Overseer  
  30  9:00  Zergling x2  
  30  9:02  Overlord  
  31  9:04  Drone  
  31  9:05  Overseer  
  32  9:14  Overseer  
  32  9:20  Overlord  
  32  9:26  Overseer  
  31  9:36  Overseer  
Tags
 
Add a new tag
Caveats
  • Supply blocks, unpowered buildings, or Contaminate may cause inaccurate times.
  • Supply counts are checked every 10 seconds.